 Dungeon Crawl Stone Soup version 0.29-a0-419-g77450f2105 (webtiles) character file.

Game seed: 5500437333934755193

364 KhasaRR the Ruffian (level 6, -1/48 HPs)
             Began as a Demonspawn Berserker on May 18, 2022.
             Was a Believer of Trog.
             Slain by a black bear (8 damage)
             ... on level 4 of the Dungeon.
             The game lasted 00:12:19 (3458 turns).

KhasaRR the Ruffian (Demonspawn Berserker)          Turns: 3458, Time: 00:12:21

Health: -1/48      AC: 13    Str: 19    XL:     6   Next: 39%
Magic:  6/6        EV:  6    Int:  9    God:    Trog [**....]
Gold:   139        SH:  0    Dex: 12    Spells: 5/5 levels left

rFire   + . .      SeeInvis .     - Unarmed
rCold   x . .      Faith    .   (no shield)
rNeg    . . .      Spirit   .   y - +1 plate armour {rPois}
rPois   +          Reflect  .   (helmet restricted)
rElec   .          Harm     .   t - +0 cloak
rCorr   .          Rampage  .   (no gloves)
Will    ++...                   (no boots)
Stlth   ..........              m - amulet of regeneration
HPRegen 1.96/turn               e - ring of fire
MPRegen 0.10/turn               (no ring)

@: strong-willed, regenerating
A: antennae 1, ignite blood 2, weakness stinger 1
a: Renounce Religion, Berserk, Trog's Hand


You were on level 4 of the Dungeon.
You worshipped Trog.
Trog was pleased with you.
You visited 1 branch of the dungeon, and saw 4 of its levels.

You collected 202 gold pieces.
You spent 63 gold pieces at shops.

Inventory:

Hand Weapons
 q - the +8 hunting sling "Zuaxitoc" {venom, Fly Int+3 Dex+4}
   (You found it on level 3 of the Dungeon)

   Any ammunition fired from it poisons the flesh of those it strikes.
   Int:       It affects your intelligence (+3).
   Dex:       It affects your dexterity (+4).
   Fly:       It grants you flight.
Missiles
 o - 4 poisoned darts (quivered)
Armour
 a - a +0 animal skin
 k - a +0 plate armour
 t - a +0 cloak (worn)
 y - a +1 plate armour of poison resistance (worn)
Jewellery
 e - a ring of fire (left hand)
 m - an amulet of regeneration (around neck)
Wands
 i - a wand of digging (3)
Scrolls
 c - 3 scrolls of teleportation
 g - 2 scrolls of vulnerability
 h - a scroll of acquirement {unknown}
 l - a scroll of immolation
 n - a scroll of blinking
 p - a scroll of silence {unknown}
 w - a scroll of enchant armour {unknown}
 x - a scroll of fog {unknown}
 z - a scroll of brand weapon {unknown}
Potions
 b - a potion of heal wounds {unknown}
 d - a potion of attraction
 f - a potion of brilliance
 j - a potion of ambrosia
 r - a potion of cancellation {unknown}
 s - a potion of lignification {unknown}
 u - a potion of resistance {unknown}
 v - a potion of haste {unknown}


   Skills:
 * Level 4.1 Fighting
 + Level 0.7 Throwing
 * Level 3.4 Armour
 * Level 2.9 Dodging
 + Level 4.4 Unarmed Combat


You had 5 spell levels left.
You didn't know any spells.
Your spell library was empty.

Dungeon Overview and Level Annotations

Branches:
Dungeon (4/15)
 Temple: D:4-7

Altars:
Cheibriados

Shops:
D:3 [


Innate Abilities, Weirdness & Mutations

You have a pair of small antennae on your head.
Your demonic aura often causes spilled blood to erupt in flames.
You have a small tail.


Message History

You hit the black bear.
The black bear is moderately wounded.
The black bear bites you but does no damage.
The black bear claws you but does no damage. x2
You hit the black bear. You tail-slap the black bear.
Your punch misses the black bear.
The black bear is almost dead.
The black bear bites you! The black bear claws you.
The black bear completely misses you.
You hit the black bear but do no damage.
The black bear is almost dead.
The black bear bites you but does no damage.
The black bear claws you but does no damage. x2
You hit the black bear but do no damage.
The black bear is severely wounded.
The black bear goes berserk!
You hit the black bear but do no damage.
The black bear is severely wounded.
The black bear bites you.
The black bear claws you but does no damage.
The black bear claws you.
You hit the black bear but do no damage.
The black bear is severely wounded.
The black bear bites you but does no damage.
The black bear closely misses you. The black bear claws you.
The black bear bites you. The black bear claws you.
The black bear claws you but does no damage.
You barely miss the black bear. You tail-slap the black bear!
The black bear is almost dead.
The black bear bites you!
The black bear claws you but does no damage. x2
You are too injured to fight recklessly!
Your skin crawls.
You feel strong-willed. The black bear bites you!
* * * LOW HITPOINT WARNING * * *
The black bear claws you.
* * * LOW HITPOINT WARNING * * *
The black bear barely misses you. The black bear bites you!
You die...

### . ..# #.. #.#
#...# #.#
......##.########
### #.h@........#
#.. ####.######.#
#.# #.# ###.##
#.. ..# #....#
##. ####
##.#<.### #.
#.......# #.
#....^..# #.
##.......# #.
####........####.


You could see a black bear (berserk).

Vanquished Creatures
  An ice beast (D:4)
  A scorpion (D:4)
  A jelly (D:4)
  An orc priest (D:3)
  Natasha (twice) (D:2)
  3 adders
  4 dart slugs
  7 orcs
  6 endoplasms
  6 goblins
  7 hobgoblins
  5 kobolds
  3 quokkas
  6 ball pythons
  4 bats
  4 frilled lizards
  9 rats
70 creatures vanquished.

Notes
Turn   | Place    | Note
-------+----------+-------------------------------------------
     0 | D:1      | KhasaRR the Demonspawn Berserker began the quest for the
                  | Orb.
     0 | D:1      | Reached XP level 1. HP: 18/18 MP: 1/1
   405 | D:1      | Found a faded altar of an unknown god.
   450 | D:1      | Gained mutation: Your demonic aura sometimes causes spilled
                  | blood to erupt in flames. [demonic ancestry]
   450 | D:1      | Reached XP level 2. HP: 23/24 MP: 2/2
   567 | D:1      | Found Watac's Antique Armour Emporium.
  1125 | D:2      | Discovered your monstrous ancestry.
  1125 | D:2      | Gained mutation: You have a small tail. [demonic ancestry]
  1125 | D:2      | Reached XP level 3. HP: 23/29 MP: 3/3
  1441 | D:2      | Reached ** piety under Trog
  1889 | D:2      | Noticed Natasha
  1898 | D:2      | Killed Natasha
  1899 | D:2      | Reached XP level 4. HP: 36/36 MP: 4/4
  2121 | D:2      | Found a snail-covered altar of Cheibriados.
  2206 | D:2      | Noticed Natasha
  2213 | D:2      | Killed Natasha
  2386 | D:3      | Identified the +8 hunting sling "Zuaxitoc" {venom, Fly
                  | Int+3 Dex+4}
  2420 | D:3      | Found Dasach Uvuo's Armour Emporium.
  2581 | D:3      | Gained mutation: Your demonic aura often causes spilled
                  | blood to erupt in flames. [demonic ancestry]
  2581 | D:3      | Reached XP level 5. HP: 42/42 MP: 5/5
  2793 | D:3      | Bought a +0 cloak for 63 gold pieces
  2847 | D:4      | Noticed an ice beast
  2857 | D:4      | Killed an ice beast
  2858 | D:4      | Gained mutation: You have a pair of small antennae on your
                  | head. [demonic ancestry]
  2858 | D:4      | Reached XP level 6. HP: 48/48 MP: 6/6
  3458 | D:4      | Slain by a black bear

Illustrated notes

Levels and vault maps discovered:
D:1:      dpeg_arrival_subterranean_lakeside_camping, layout_basic,
          ebering_ecumenical_altar_mist, serial_shops, shop,
          hangedman_decor_riveting, dk_noncrumbling_3, minmay_tromino_mix6
D:2:      layout_basic, basic_altar, minmay_misc_feat_iff, uniq_natasha
D:3:      layout_rooms, serial_shops, shop
D:4:      layout_loops_corners

Skill      XL: |  1  2  3  4  5 |
---------------+----------------+-----
Dodging        | 2 |  2.9
Unarmed Combat | 3 4 |  4.4
Armour         | 2 3 |  3.4
Fighting       | 4 |  4.1
Throwing       | |  0.7

Action                   |  1- 3 |  4- 6 || total
-------------------------+-------+-------++-------
Melee: Unarmed           |   119 |   131 ||   250
       Punch             |     3 |     2 ||     5
       Tailslap          |     3 |    15 ||    18
Throw: Dart              |     5 |    14 ||    19
Invok: Berserk           |     2 |     3 ||     5
       Trog's Hand       |       |     1 ||     1
  Use: Potion            |     1 |       ||     1
       Scroll            |       |     6 ||     6
Armor: Plate armour      |    40 |    70 ||   110
       Animal skin       |     4 |       ||     4
Dodge: Dodged            |    47 |    33 ||    80

Table legend: (Time is in decaauts)
 A = Elapsed time spent in this place.
 B = Non-inter-level travel time spent in this place.
 C = Inter-level travel time spent in this place.
 D = Time resting spent in this place.
 E = Time spent auto-exploring this place.
 F = Levels seen in this place.
 G = Mean time per level.
                   A        B        C        D        E       F      G
               +--------+--------+--------+--------+--------+-----+--------+
         Total |   3482 |   3394 |     88 |      8 |   2770 |   4 |  870.5 |
       Dungeon |   3482 |   3394 |     88 |      8 |   2770 |   4 |  870.5 |
               +--------+--------+--------+--------+--------+-----+--------+

Top non-repeatable levels by time:
     D:2: 1257 daAuts
     D:1: 1110 daAuts
     D:4: 638 daAuts
     D:3: 475 daAuts
